 Dungeon Crawl Stone Soup version 0.24.0-37-gcf1ca852f1 (webtiles) character file.

Game seed: 1383438286833100674, levelgen mode: deterministic

3797 Peloso the Carver (level 9, 0/81 HPs)
             Began as a Minotaur Fighter on Nov 27, 2019.
             Was a Priest of Okawaru.
             Slain by an iguana (4 damage)
             ... on level 10 of the Dungeon.
             The game lasted 00:16:44 (6623 turns).

Peloso the Carver (Minotaur Fighter)                Turns: 6623, Time: 00:16:45

Health: 0/81       AC: 15    Str: 22    XL:     9   Next: 96%
Magic:  8/8        EV:  7    Int:  5    God:    Okawaru [***...]
Gold:   420        SH: 13    Dex: 14    Spells: 8/8 levels left

rFire    . . .     SeeInvis .   a - +0 long sword
rCold    + . .     Gourm    .   c - +1 shield
rNeg     . . .     Faith    .   D - +0 plate armour
rPois    .         Spirit   .   (helmet restricted)
rElec    .         Reflect  .   (no cloak)
rCorr    .         Harm     .   (no gloves)
MR       .....                  t - +0 pair of boots
Stlth    ..........             (no amulet)
HPRegen  0.23/turn              p - +2 ring of dexterity
MPRegen  0.11/turn              w - ring of protection from cold

@: marked, slowed, very slow
A: retaliatory headbutt, horns 2
a: Heroism, Renounce Religion


You were on level 10 of the Dungeon.
You worshipped Okawaru.
Okawaru was most pleased with you.
You were very hungry.

You visited 1 branch of the dungeon, and saw 9 of its levels.
You also visited: Sewer.

You collected 420 gold pieces.

Inventory:

Hand Weapons
 a - a +0 long sword (weapon)
 b - a +1 short sword of flaming
Armour
 c - a +1 shield (worn)
 t - a +0 pair of boots (worn)
 B - a +1 scale mail of cold resistance
 D - a +0 plate armour (worn)
Jewellery
 m - an uncursed ring of positive energy
 p - a +2 ring of dexterity (left hand)
 w - a ring of protection from cold (right hand)
 x - an uncursed ring of fire
 H - an uncursed amulet of magic regeneration
Wands
 k - a wand of acid (8)
 A - a wand of digging (4)
 I - a wand of enslavement (9)
Scrolls
 e - a scroll of noise
 g - 6 scrolls of teleportation
 h - a scroll of identify
 j - 4 scrolls of fear
 l - 3 scrolls of blinking
 n - 2 scrolls of enchant armour
 o - 2 scrolls of remove curse
 q - 2 scrolls of enchant weapon
 s - 2 scrolls of magic mapping
 u - a scroll of amnesia
 y - 2 scrolls of random uselessness {unknown}
Potions
 d - a potion of might
 i - a potion of invisibility
 r - a potion of resistance
 v - 3 potions of agility
 z - a potion of haste
 C - a potion of flight
 E - a potion of heal wounds {unknown}
 F - a potion of ambrosia {unknown}
 G - a potion of curing {unknown}
Comestibles
 f - 12 rations


   Skills:
 + Level 8.1 Fighting
 + Level 9.8 Long Blades
 + Level 8.1 Armour
 + Level 4.0 Dodging
 + Level 0.7 Stealth
 + Level 9.3 Shields
 + Level 0.2 Invocations


You had 8 spell levels left.
You didn't know any spells.
Your spell library was empty.

Dungeon Overview and Level Annotations

Branches:
Dungeon (8/15)             Temple (0/1) D:7           Sewer (visited)
   Lair: D:8-11

Altars:
Nemelex Xobeh
Okawaru
Zin

Shops:
D:4 (


Innate Abilities, Weirdness & Mutations

You reflexively headbutt those who attack you in melee.
You have a pair of horns on your head.


Message History

The yak gores you.
* * * LOW HITPOINT WARNING * * *
The ice beast hits you but does no damage.
The hungry ghost hits you.
* * * LOW HITPOINT WARNING * * *
You are feeling hungry.
The iguana bites you.
* * * LOW HITPOINT WARNING * * *
The yak barely misses you.
The ice beast hits you but does no damage.
You block the hungry ghost's attack. The iguana bites you.
* * * LOW HITPOINT WARNING * * *
You barely miss the hungry ghost.
The hungry ghost is almost destroyed.
You block the yak's attack.
The ice beast hits you but does no damage.
The hungry ghost hits you.
You are feeling very hungry.
The iguana bites you.
You die...

..P...$ P..#####........
...P.P..................
P......♣...%.# #........
...P.t.......# #......
.............###.....
........s.. ....## ...
#.....#.####Wl..#
....#..lY.#r.##Y@# ..
........Y..#r.#Y##....
.............slY......#
.............tYt......#
....#.................#
######................#
#................#
#...............>#
#................#


You could see 3 yaks, a hungry ghost, 2 crocodiles, an ice beast, a scorpion and
2 iguanas.

Vanquished Creatures
  Harold (D:8)
  A hippogriff (D:6)
  Eustachio (D:6)
  A wraith (D:10)
  A porcupine (D:10)
  A water moccasin (D:5)
  Purgy (Sewer)
  Duvessa (D:3)
  2 black bears
  5 ogres
  An orc warrior (D:6)
  2 bullfrogs
  A wyvern zombie (D:6)
  3 wights (D:6)
  Dowan (D:4)
  6 killer bees
  3 howler monkeys (D:7)
  4 hounds (D:6)
  2 jellies
  2 orc priests
  Crazy Yiuf (D:5)
  A bullfrog skeleton (D:4)
  3 orc wizards
  2 iguanas
  3 worker ants
  A hound zombie (D:6)
  7 gnolls
  6 adders
  A river rat (D:6)
  2 shadow imps
  3 oozes
  An adder zombie (D:6)
  An adder skeleton (D:4)
  5 worms
  2 dart slugs
  2 leopard geckos
  8 orcs
  6 giant cockroaches
  11 goblins
  10 hobgoblins
  5 jackals
  3 quokkas
  2 ball pythons
  9 bats
  6 frilled lizards
  A jackal skeleton (D:6)
  8 kobolds
  A leopard gecko skeleton (D:5)
  A quokka skeleton (D:2)
  8 rats
160 creatures vanquished.

Notes
Turn   | Place    | Note
-------+----------+-------------------------------------------
     0 | D:1      | Peloso the Minotaur Fighter began the quest for the Orb.
     0 | D:1      | Reached XP level 1. HP: 19/19 MP: 0/0
   327 | D:1      | Reached XP level 2. HP: 27/27 MP: 1/1
   932 | D:2      | Reached XP level 3. HP: 23/33 MP: 2/2
  1232 | D:2      | Reached XP level 4. HP: 41/41 MP: 3/3
  1707 | D:3      | Reached skill level 1 in Dodging
  1707 | D:3      | Reached skill level 5 in Shields
  1707 | D:3      | Reached XP level 5. HP: 21/47 MP: 4/4
  2385 | D:4      | Found Giwno's Weapon Shop.
  2530 | D:4      | Noticed an ogre
  2538 | D:4      | Killed an ogre
  2538 | D:4      | Reached skill level 5 in Fighting
  2538 | D:4      | Reached XP level 6. HP: 44/56 MP: 5/5
  2607 | D:4      | Noticed Dowan
  2624 | D:4      | Killed Dowan
  2659 | D:4      | Noticed Duvessa
  2680 | D:3      | Killed Duvessa
  2683 | D:3      | Found a glowing silver altar of Zin.
  3040 | D:5      | Entered Level 5 of the Dungeon
  3048 | D:5      | Noticed a water moccasin
  3064 | D:5      | Reached skill level 5 in Armour
  3064 | D:5      | Reached XP level 7. HP: 48/61 MP: 6/6
  3071 | D:5      | Reached skill level 5 in Long Blades
  3082 | D:5      | Found an iron altar of Okawaru.
  3087 | D:5      | Became a worshipper of Warmaster Okawaru
  3229 | D:5      | Found a runed translucent door.
  3230 | D:5      | Noticed Crazy Yiuf
  4155 | D:5      | Killed Crazy Yiuf
  4196 | D:6      | Reached XP level 8. HP: 34/70 MP: 7/7
  4213 | D:6      | Found a glowing drain.
  4248 | Sewer    | Entered a sewer
  4499 | Sewer    | Noticed Purgy
  4504 | Sewer    | Killed Purgy
  4674 | D:6      | Reached * piety under Okawaru
  4721 | D:6      | Noticed a hippogriff
  4732 | D:6      | Killed a hippogriff
  5318 | D:6      | Reached XP level 9. HP: 64/79 MP: 8/8
  5478 | D:6      | Found a sparkling altar of Nemelex Xobeh.
  5519 | D:6      | Noticed Eustachio
  5568 | D:6      | Killed Eustachio
  5711 | D:7      | Found a staircase to the Ecumenical Temple.
  5807 | D:7      | Reached ** piety under Okawaru
  6048 | D:8      | Noticed Harold
  6554 | D:8      | Killed Harold
  6580 | D:8      | You fall into a shaft and drop 2 floors!
  6580 | D:10     | Entered Level 10 of the Dungeon
  6602 | D:10     | Reached *** piety under Okawaru
  6622 | D:10     | HP: 4/81 [iguana (4)]
  6623 | D:10     | Slain by an iguana

Levels and vault maps discovered:
D:1:      saegor_arrival_simple_c, layout_basic
D:2:      minmay_alternating_diamond, layout_loops_ring
D:3:      layout_rooms, nicolae_overflow_hidden_temple
D:4:      wander_river, layout_basic, serial_shops, nicolae_shop_crystal,
          uniq_duvessa
D:5:      layout_basic, first_ration, minmay_holes, okawaru_trees_1,
          uniq_crazy_yiuf_cottage
D:6:      layout_cave_pods, cheibrodos_sewer_entry_sluice, serial_column_ruins,
          column_ruins_hut, column_ruins_circle_small, column_ruins_open_small,
          column_ruins_columns_straight, column_ruins_open_tiny,
          column_ruins_columns_straight, column_ruins_columns_dead_end,
          column_ruins_grid_1, nemelex_diamond_rough_becter, uniq_eustachio
D:7:      layout_rooms, minmay_temple_entry_arrows
D:8:      layout_gridville, serial_shops, shop, hangedman_pestilent_swarm,
          chequers_serial_rivers_small_b, uniq_joseph, uniq_harold,
          uniq_gastronok
D:10:     layout_rooms, minmay_lair_entry_grove, special_room
          [special_room_kobold], st_stairs_1, chequers_decorated_corner,
          serial_bayou_pond_a

Skill      XL: |  1  2  3  4  5  6  7  8  9 |
---------------+----------------------------+-----
Shields        | 4 5 6 7 9 |  9.3
Fighting       | 4 5 6 7 8 |  8.1
Armour         | 4 5 7 8 |  8.1
Long Blades    | 3 4 6 7 9 |  9.8
Dodging        | 1 2 3 4 |  4.0
Stealth        | |  0.7
Invocations    | |  0.2

Action                   |  1- 3 |  4- 6 |  7- 9 || total
-------------------------+-------+-------+-------++-------
Melee: Long sword        |    95 |   164 |   314 ||   573
       Headbutt          |    14 |    32 |    81 ||   127
Invok: Heroism           |       |       |     3 ||     3
  Use: Scroll            |     4 |     8 |     2 ||    14
       Potion            |     3 |     3 |     1 ||     7
  Eat: Chunk             |     1 |     6 |     9 ||    16
       Ration            |       |       |     2 ||     2
Armor: Scale mail        |    47 |    81 |    42 ||   170
       Plate armour      |       |       |   130 ||   130
Dodge: Dodged            |    31 |    49 |   106 ||   186
Block: Shield            |    59 |   122 |   269 ||   450
       Rpst.: Long sword |    11 |    17 |    30 ||    58
